Maple Leafs vs Sharks
(R1)
Created - May 15, 2021 at 19:05
Goals
|
Maple Leafs |
1 |
2 |
2 |
5 |
Sharks |
2 |
2 |
0 |
4 |
|
Shots
|
Maple Leafs |
7 |
7 |
9 |
23 |
Sharks |
21 |
5 |
4 |
30 |
|
1st period
1. Maple Leafs , Mika Zibanejad 1 (Andre Burakovsky 1, John Klingberg 1) at 8:31
2. Sharks , Jason Spezza 1 (Drew Doughty 1, Nick Palmieri 1) at 13:19
3. Sharks , Nick Palmieri 1 (Drew Doughty 2, PK Subban 1) at 17:22
Penalties :
No Penalty
2nd period
4. Sharks , Mike Cammalleri 1 (Nick Palmieri 2, Drew Doughty 3) at 1:49 (PP)
5. Sharks , Jason Spezza 2 (Nick Palmieri 3, Drew Doughty 4) at 6:04
6. Maple Leafs , Brayden Schenn 1 (Patrick Kane 1, Calvin de Haan 1) at 19:02
7. Maple Leafs , Kevin Shattenkirk 1 (Claude Giroux 1) at 19:30 (PP)
Penalties :
Andre Burakovsky (Tor) for Slashing (Minor) at 1:32, Patrick Kane (Tor) for Holding (Minor) at 2:11, Patrick Kane (Tor) for Hooking (Minor) at 6:19, Jason Spezza (SJS) for Charging (Minor) at 19:17
3rd period
8. Maple Leafs , Dany Heatley 1 (Blake Comeau 1, Hampus Lindholm 1) at 13:48
9. Maple Leafs , Claude Giroux 1 (Patrick Kane 2) at 14:42
Penalties :
Braydon Coburn (Tor) for Interference (Minor) at 0:44, T.J. Hensick (SJS) for Holding (Minor) at 5:55, Brayden Schenn (Tor) for High sticking (Minor) at 9:24, Jason Spezza (SJS) for Holding (Minor) at 17:13
Goalie Stats
John Gibson (Tor), 26 saves from 30 shots - (0.867), W, 1-0-0, 60:00 minutes
Ryan Miller (SJS), 18 saves from 23 shots - (0.783), L, 0-1-0, 59:17 minutes
Players Stats for Maple Leafs
Player Name G A P +/- PIM S H SB GA TA FO MP PP MP PK MP
------------------------------------------------------------------------------------
Andre Burakovsky 0 1 1 1 2 2 0 0 1 0 0/0 10:22 0:00 0:12
Beau Bennett 0 0 0 1 0 0 1 0 0 0 1/2 10:11 0:00 0:00
Ben Smith 0 0 0 1 0 2 0 2 1 2 0/0 14:28 1:43 0:00
Blake Comeau 0 1 1 -2 0 3 1 0 0 0 0/0 8:13 0:00 0:00
Bo Horvat 0 0 0 -2 0 1 1 0 0 0 3/4 7:29 0:00 0:03
Brayden Schenn 1 0 1 1 2 2 2 0 0 0 2/14 18:07 2:28 2:30
Braydon Coburn 0 0 0 0 2 1 2 1 0 0 0/0 17:53 1:21 2:54
Calvin de Haan 0 1 1 2 0 0 0 0 0 0 0/0 13:15 0:00 0:33
Claude Giroux 1 1 2 1 0 5 2 1 3 0 0/2 23:04 2:28 4:33
Dany Heatley 1 0 1 -2 0 1 1 0 1 0 0/1 10:38 0:00 2:01
Hampus Lindholm 0 1 1 0 0 1 1 0 0 1 0/0 19:02 1:21 4:03
Jake Guentzel 0 0 0 1 0 0 2 0 0 0 0/0 14:28 1:43 0:00
John Klingberg 0 1 1 -1 0 1 2 1 1 0 0/0 28:17 2:50 4:10
Kevin Shattenkirk 1 0 1 -1 0 2 3 1 2 1 0/0 28:52 2:50 4:46
Logan Couture 0 0 0 1 0 0 1 0 0 0 16/36 22:01 1:43 4:36
Mika Zibanejad 1 0 1 1 0 1 2 0 0 0 5/8 12:26 0:00 1:04
Patrick Kane 0 2 2 1 4 1 5 0 0 0 2/2 20:15 2:28 1:27
Ryan Parent 0 0 0 2 0 0 1 3 0 0 0/0 12:41 0:00 0:00
Players Stats for Sharks
Player Name G A P +/- PIM S H SB GA TA FO MP PP MP PK MP
------------------------------------------------------------------------------------
Andrej Sekera 0 0 0 -1 0 0 0 0 0 2 0/0 11:07 0:00 0:00
Bobby Butler 0 0 0 -2 0 0 0 0 1 0 0/0 12:00 0:07 0:00
Boone Jenner 0 0 0 0 0 0 0 0 0 0 0/0 9:55 3:30 0:51
Brayden McNabb 0 0 0 -1 0 0 0 0 0 2 0/0 11:02 0:00 0:00
David Rundblad 0 0 0 1 0 0 0 0 0 0 0/0 3:23 0:00 0:00
Drew Doughty 0 4 4 2 0 5 1 1 0 0 0/0 28:45 4:51 2:45
Jason Spezza 2 0 2 2 4 4 4 0 0 0 24/38 24:09 4:36 1:34
Karl Alzner 0 0 0 -2 0 0 0 0 0 1 0/0 20:08 3:22 1:26
Luke Adam 0 0 0 -2 0 1 0 0 0 0 5/6 11:52 0:00 0:00
Mike Cammalleri 1 0 1 2 0 6 2 0 1 0 0/0 22:41 4:36 1:11
Milan Michalek 0 0 0 -1 0 1 2 3 1 1 0/1 18:50 0:07 0:39
Nick Palmieri 1 3 4 2 0 5 1 0 1 0 1/1 24:44 4:43 2:46
Oskar Osala 0 0 0 -1 0 3 1 0 0 0 0/2 15:39 3:30 0:00
Phil Di Giuseppe 0 0 0 0 0 0 0 0 0 0 1/1 1:39 0:00 0:00
PK Subban 0 1 1 -2 0 1 2 2 0 2 0/0 21:00 3:22 2:45
T.J. Hensick 0 0 0 -1 2 0 0 0 0 0 7/17 20:32 3:30 0:15
Tyler Cuma 0 0 0 1 0 1 2 2 0 1 0/0 24:35 4:51 1:26
Zach Boychuk 0 0 0 -2 0 3 1 0 0 0 2/3 13:45 0:00 1:06
3 Stars
1 - Nick Palmieri (SJS)
2 - Drew Doughty (SJS)
3 - Claude Giroux (Tor)
Power Play
Maple Leafs - 1 on 3 Attempt(s) - 33.33%
Sharks - 1 on 5 Attempt(s) - 20.00%
Penalty Kill
Maple Leafs - 4 on 5 Attempt(s) - 80.00%
- Score 0 goal in Penalty Kill
Sharks - 2 on 3 Attempt(s) - 66.67%
- Score 0 goal in Penalty Kill
Team Stat
Maple Leafs - Hits : 27 - Faceoff Wins : 29 - Blocked Shots : 9 - Penalty Minutes : 10
Sharks - Hits : 16 - Faceoff Wins : 40 - Blocked Shots : 8 - Penalty Minutes : 6
Official
Referees : Unknown
Linesman : Unknown
Game Notes
No Game Note
Finance
Level 1 -- Attendance: 5185 (86.42%) -- Ticket Income $596,275
Level 2 -- Attendance: 4216 (84.32%) -- Ticket Income $316,200
Level 3 -- Attendance: 1576 (78.80%) -- Ticket Income $78,800
Level 4 -- Attendance: 3539 (88.48%) -- Ticket Income $106,170
Luxury Box -- Attendance: 827 (82.70%) -- Ticket Income $173,670
Game was played at the Hockey Place Center.
Total Attendance: 15343 (85.24%)
Total Ticket Income: $1,271,115
Other Income: $190,667
Total Income: $1,461,782
Maple Leafs
5 vs 5 Forward
Center Left Wing Right Wing Time % Phy DF OF
1 Logan Couture Claude Giroux Patrick Kane 40 1 2 2
2 Brayden Schenn Jake Guentzel Ben Smith 30 1 2 2
3 Mika Zibanejad Andre Burakovsky Beau Bennett 20 1 2 2
4 Bo Horvat Dany Heatley Blake Comeau 10 1 2 2
5 vs 5 Defense
Defense Defense Time % Phy DF OF
1 Kevin Shattenkirk John Klingberg 40 1 2 2
2 Braydon Coburn Hampus Lindholm 30 1 2 2
3 Ryan Parent Calvin de Haan 20 1 2 2
4 Kevin Shattenkirk John Klingberg 10 1 2 2
PowerPlay Forward
Center Left Wing Right Wing Time % Phy DF OF
1 Brayden Schenn Claude Giroux Patrick Kane 60 1 2 2
2 Logan Couture Jake Guentzel Ben Smith 40 1 2 2
PowerPlay Defense
Defense Defense Time % Phy DF OF
1 Kevin Shattenkirk John Klingberg 60 1 2 2
2 Braydon Coburn Hampus Lindholm 40 1 2 2
Penalty Kill 4 Players Forward
Center Wing Time % Phy DF OF
1 Logan Couture Claude Giroux 60 1 2 2
2 Brayden Schenn Patrick Kane 40 1 2 2
Penalty Kill 4 Players Defense
Defense Defense Time % Phy DF OF
1 Kevin Shattenkirk John Klingberg 60 1 2 2
2 Braydon Coburn Hampus Lindholm 40 1 2 2
Penalty Kill - 3 Players Forward
Forward Time % Phy DF OF
1 Brayden Schenn 60 1 2 2
2 Logan Couture 40 1 2 2
Penalty Kill - 3 Players Defense
Defense Defense Time % Phy DF OF
1 Kevin Shattenkirk John Klingberg 60 1 2 2
2 Braydon Coburn Hampus Lindholm 40 1 2 2
4 vs 4 Forward
Center Wing Time % Phy DF OF
1 Logan Couture Patrick Kane 60 1 2 2
2 Brayden Schenn Claude Giroux 40 1 2 2
4 vs 4 Defense
Defense Defense Time % Phy DF OF
1 Kevin Shattenkirk John Klingberg 60 1 2 2
2 Braydon Coburn Hampus Lindholm 40 1 2 2
Last Minutes Offensive
Center Left Wing Right Wing Defense Defense
Brayden Schenn Claude Giroux Patrick Kane Kevin Shattenkirk John Klingberg
Last Minutes Defensive
Center Left Wing Right Wing Defense Defense
Brayden Schenn Claude Giroux Patrick Kane Kevin Shattenkirk Braydon Coburn
Goaltenders
Starting : John Gibson
Backup : Tyler Weiman
Extra Forwards
Normal : Mika Zibanejad, Dany Heatley, Brayden Schenn - PP : Mika Zibanejad, Dany Heatley - PK : Logan Couture
Extra Defensemen
Normal : Ryan Parent, Calvin de Haan, Braydon Coburn - PP : Ryan Parent - PK : Calvin de Haan, Braydon Coburn
Penalty Shots
Claude Giroux, Patrick Kane, Brayden Schenn, Ben Smith, Logan Couture
Scratches
Chris Kelly (Healthy)
Sharks
5 vs 5 Forward
Center Left Wing Right Wing Time % Phy DF OF
1 Jason Spezza Mike Cammalleri Nick Palmieri 40 1 1 3
2 T.J. Hensick Milan Michalek Oskar Osala 30 1 2 2
3 Luke Adam Zach Boychuk Bobby Butler 20 1 2 2
4 T.J. Hensick Milan Michalek Boone Jenner 10 1 3 1
5 vs 5 Defense
Defense Defense Time % Phy DF OF
1 Drew Doughty Tyler Cuma 40 1 1 3
2 PK Subban Karl Alzner 30 1 2 2
3 Andrej Sekera Brayden McNabb 20 1 2 2
4 David Rundblad Drew Doughty 10 1 3 1
PowerPlay Forward
Center Left Wing Right Wing Time % Phy DF OF
1 Jason Spezza Mike Cammalleri Nick Palmieri 60 1 1 3
2 T.J. Hensick Boone Jenner Oskar Osala 40 1 1 3
PowerPlay Defense
Defense Defense Time % Phy DF OF
1 Drew Doughty Tyler Cuma 60 1 1 3
2 PK Subban Karl Alzner 40 1 1 3
Penalty Kill 4 Players Forward
Center Wing Time % Phy DF OF
1 Jason Spezza Nick Palmieri 60 1 4 0
2 Mike Cammalleri Milan Michalek 40 1 4 0
Penalty Kill 4 Players Defense
Defense Defense Time % Phy DF OF
1 Drew Doughty PK Subban 60 1 4 0
2 Tyler Cuma Karl Alzner 40 1 4 0
Penalty Kill - 3 Players Forward
Forward Time % Phy DF OF
1 Jason Spezza 60 1 4 0
2 Nick Palmieri 40 1 4 0
Penalty Kill - 3 Players Defense
Defense Defense Time % Phy DF OF
1 Drew Doughty PK Subban 60 1 4 0
2 Tyler Cuma Karl Alzner 40 1 4 0
4 vs 4 Forward
Center Wing Time % Phy DF OF
1 Jason Spezza Nick Palmieri 60 1 2 2
2 Mike Cammalleri Luke Adam 40 1 2 2
4 vs 4 Defense
Defense Defense Time % Phy DF OF
1 Drew Doughty Tyler Cuma 60 1 2 2
2 PK Subban Karl Alzner 40 1 2 2
Last Minutes Offensive
Center Left Wing Right Wing Defense Defense
Jason Spezza Mike Cammalleri Nick Palmieri Drew Doughty PK Subban
Last Minutes Defensive
Center Left Wing Right Wing Defense Defense
Jason Spezza Mike Cammalleri Nick Palmieri Drew Doughty PK Subban
Goaltenders
Starting : Ryan Miller
Backup : Antti Niemi
Extra Forwards
Normal : Milan Michalek, Bobby Butler, Phil Di Giuseppe - PP : Milan Michalek, Bobby Butler - PK : Zach Boychuk
Extra Defensemen
Normal : Andrej Sekera, Brayden McNabb, David Rundblad - PP : Andrej Sekera - PK : Brayden McNabb, David Rundblad
Penalty Shots
Jason Spezza, Nick Palmieri, Mike Cammalleri, Milan Michalek, Phil Di Giuseppe
Scratches
Brandon Dubinsky (Upper Body Injury), Jiri Tlusty (Healthy)
% Time on Ice - Maple Leafs
Lines # - Real PCT - Wanted PCT - Time Play
Normal Forward
1 - 35% - 40% - 16:27
2 - 27% - 30% - 12:45
3 - 22% - 20% - 10:11
4 - 16% - 10% - 7:26
Normal Defense
1 - 41% - 40% - 19:01
2 - 29% - 30% - 13:26
3 - 26% - 20% - 12:06
4 - 5% - 10% - 2:16
PP Forward
1 - 59% - 60% - 2:28
2 - 41% - 40% - 1:43
PP Defense
1 - 68% - 60% - 2:50
2 - 32% - 40% - 1:21
PK Forward
1 - 72% - 60% - 5:53
2 - 28% - 40% - 2:20
PK Defense
1 - 51% - 60% - 4:10
2 - 49% - 40% - 4:03
PK3 Forward
1 - 0% - 60%
2 - 0% - 40%
PK3 Defense
1 - 0% - 60%
2 - 0% - 40%
44 Forward
1 - 0% - 60%
2 - 0% - 40%
44 Defense
1 - 0% - 60%
2 - 0% - 40%
Last Minute Offensive - 0:00
Last Minute Defensive - 0:47
Total
Forward - 60:00
Defense - 60:00
|
% Time on Ice - Sharks
Lines # - Real PCT - Wanted PCT - Time Play
Normal Forward
1 - 38% - 40% - 18:02
2 - 26% - 30% - 12:16
3 - 25% - 20% - 11:52
4 - 11% - 10% - 5:26
Normal Defense
1 - 38% - 40% - 17:51
2 - 32% - 30% - 15:20
3 - 23% - 20% - 11:02
4 - 7% - 10% - 3:23
PP Forward
1 - 57% - 60% - 4:43
2 - 43% - 40% - 3:30
PP Defense
1 - 59% - 60% - 4:51
2 - 41% - 40% - 3:22
PK Forward
1 - 90% - 60% - 3:46
2 - 10% - 40% - 0:25
PK Defense
1 - 66% - 60% - 2:45
2 - 34% - 40% - 1:26
PK3 Forward
1 - 0% - 60%
2 - 0% - 40%
PK3 Defense
1 - 0% - 60%
2 - 0% - 40%
44 Forward
1 - 0% - 60%
2 - 0% - 40%
44 Defense
1 - 0% - 60%
2 - 0% - 40%
Last Minute Offensive - 0:00
Last Minute Defensive - 0:00
Total
Forward - 60:00
Defense - 60:00
|
Play-by-Play
1st period
0:01 of 1st period - Jason Spezza wins face-off versus Logan Couture in neutral zone.
0:04 of 1st period - Kevin Shattenkirk is hit by Tyler Cuma and loses puck.
0:11 of 1st period - Jason Spezza is hit by Kevin Shattenkirk.
0:15 of 1st period - Slapshot by Drew Doughty.
0:15 of 1st period - Stopped by John Gibson with a rebound.
0:30 of 1st period - Off-side.
0:31 of 1st period - Brayden Schenn wins face-off versus T.J. Hensick in neutral zone.
0:41 of 1st period - Braydon Coburn is hit by Milan Michalek and loses puck.
0:56 of 1st period - T.J. Hensick is hit by Hampus Lindholm and loses puck.
1:07 of 1st period - Wrist shot by Oskar Osala.
1:07 of 1st period - Shot Misses the Net.
1:13 of 1st period - Snap shot by T.J. Hensick.
1:13 of 1st period - Deflect By Oskar Osala.
1:13 of 1st period - Shot Misses the Net.
1:13 of 1st period - Puck is out of play.
1:14 of 1st period - Mika Zibanejad wins face-off versus Zach Boychuk in Maple Leafs zone.
1:27 of 1st period - Wrist shot by Luke Adam.
1:27 of 1st period - Shot Blocked by Ryan Parent.
1:29 of 1st period - Slapshot by David Rundblad.
1:29 of 1st period - Shot Misses the Net.
1:31 of 1st period - Wrist shot by Drew Doughty.
1:31 of 1st period - Shot Blocked by Ryan Parent.
1:41 of 1st period - Nick Palmieri is hit by Logan Couture and loses puck.
2:44 of 1st period - Snap shot by Claude Giroux.
2:44 of 1st period - Shot Blocked by Milan Michalek.
2:46 of 1st period - Slapshot by Hampus Lindholm.
2:46 of 1st period - Shot Misses the Net.
3:12 of 1st period - Dany Heatley is hit by Jason Spezza and loses puck.
3:23 of 1st period - Wrist shot by Hampus Lindholm.
3:23 of 1st period - Deflect By Bo Horvat.
3:23 of 1st period - Shot Hit the Post.
3:23 of 1st period - Puck is out of play.
3:24 of 1st period - Logan Couture wins face-off versus T.J. Hensick in Sharks zone.
3:31 of 1st period - Slapshot by Claude Giroux.
3:31 of 1st period - Stopped by Ryan Miller with a rebound.
3:37 of 1st period - John Klingberg is hit by Drew Doughty and loses puck.
3:48 of 1st period - Mika Zibanejad is hit by Zach Boychuk and loses puck.
4:18 of 1st period - Off-side.
4:19 of 1st period - Jason Spezza wins face-off versus Logan Couture in neutral zone.
4:26 of 1st period - Wrist shot by Mike Cammalleri.
4:26 of 1st period - Stopped by John Gibson with a rebound.
4:28 of 1st period - Slapshot by Andrej Sekera.
4:28 of 1st period - Shot Blocked by Claude Giroux.
4:32 of 1st period - Snap shot by Mike Cammalleri.
4:32 of 1st period - Stopped by John Gibson with a rebound.
4:34 of 1st period - Backhand shot by Nick Palmieri.
4:34 of 1st period - Shot Blocked by Kevin Shattenkirk.
5:31 of 1st period - Wrist shot by Brayden Schenn.
5:31 of 1st period - Stopped by Ryan Miller without a rebound.
5:32 of 1st period - Nick Palmieri wins face-off versus Logan Couture in Sharks zone.
5:47 of 1st period - Snap shot by Patrick Kane.
5:47 of 1st period - Deflect By Claude Giroux.
5:47 of 1st period - Shot Blocked by Drew Doughty.
5:47 of 1st period - Puck is out of play.
5:48 of 1st period - T.J. Hensick wins face-off versus Mika Zibanejad in Sharks zone.
5:53 of 1st period - T.J. Hensick is hit by Mika Zibanejad and loses puck.
6:14 of 1st period - Patrick Kane is hit by Jason Spezza and loses puck.
6:47 of 1st period - Wrist shot by Bo Horvat.
6:47 of 1st period - Deflect By Blake Comeau.
6:47 of 1st period - Stopped by Ryan Miller with a rebound.
6:49 of 1st period - Slapshot by Kevin Shattenkirk.
6:49 of 1st period - Shot Misses the Net.
7:01 of 1st period - Karl Alzner is hit by Brayden Schenn and loses puck.
7:06 of 1st period - Snap shot by Ben Smith.
7:06 of 1st period - Stopped by Ryan Miller without a rebound.
7:07 of 1st period - Jason Spezza wins face-off versus Logan Couture in Sharks zone.
7:34 of 1st period - Off-side.
7:35 of 1st period - Mika Zibanejad wins face-off versus T.J. Hensick in neutral zone.
8:13 of 1st period - Wrist shot by Oskar Osala.
8:13 of 1st period - Shot Blocked by John Klingberg.
8:29 of 1st period - Snap shot by Andre Burakovsky.
8:29 of 1st period - Stopped by Ryan Miller with a rebound.
8:31 of 1st period - Wrist shot by Mika Zibanejad.
8:31 of 1st period - Goal by Mika Zibanejad - Maple Leafs : 1 - Sharks : 0.
8:32 of 1st period - Jason Spezza wins face-off versus Logan Couture in neutral zone.
8:43 of 1st period - Snap shot by Jason Spezza.
8:43 of 1st period - Shot Misses the Net.
8:53 of 1st period - Icing by Drew Doughty.
8:54 of 1st period - Luke Adam wins face-off versus Brayden Schenn in Sharks zone.
9:07 of 1st period - Snap shot by Zach Boychuk.
9:07 of 1st period - Stopped by John Gibson without a rebound.
9:08 of 1st period - Jason Spezza wins face-off versus Logan Couture in Maple Leafs zone.
9:09 of 1st period - Snap shot by Mike Cammalleri.
9:09 of 1st period - Stopped by John Gibson with a rebound.
9:11 of 1st period - Snap shot by Nick Palmieri.
9:11 of 1st period - Stopped by John Gibson with a rebound.
9:13 of 1st period - Wrist shot by Nick Palmieri.
9:13 of 1st period - Stopped by John Gibson with a rebound.
9:42 of 1st period - Wrist shot by T.J. Hensick.
9:42 of 1st period - Shot Blocked by Ben Smith.
9:52 of 1st period - Snap shot by Luke Adam.
9:52 of 1st period - Stopped by John Gibson with a rebound.
10:22 of 1st period - John Klingberg is hit by Jason Spezza and loses puck.
10:27 of 1st period - Wrist shot by Nick Palmieri.
10:27 of 1st period - Shot Misses the Net.
10:43 of 1st period - Snap shot by Claude Giroux.
10:43 of 1st period - Deflect By Patrick Kane.
10:43 of 1st period - Shot Misses the Net.
10:43 of 1st period - Puck is out of play.
10:44 of 1st period - Logan Couture wins face-off versus T.J. Hensick in Sharks zone.
11:13 of 1st period - Snap shot by Jason Spezza.
11:13 of 1st period - Shot Blocked by Braydon Coburn.
11:15 of 1st period - Wrist shot by Mike Cammalleri.
11:15 of 1st period - Stopped by John Gibson without a rebound.
11:16 of 1st period - Jason Spezza wins face-off versus Brayden Schenn in Maple Leafs zone.
11:17 of 1st period - Snap shot by Nick Palmieri.
11:17 of 1st period - Stopped by John Gibson without a rebound.
11:18 of 1st period - Jason Spezza wins face-off versus Brayden Schenn in Maple Leafs zone.
11:21 of 1st period - Slapshot by Jason Spezza.
11:21 of 1st period - Shot Blocked by Ben Smith.
11:23 of 1st period - Snap shot by Mike Cammalleri.
11:23 of 1st period - Stopped by John Gibson with a rebound.
11:25 of 1st period - Slapshot by PK Subban.
11:25 of 1st period - Shot Misses the Net.
11:27 of 1st period - Slapshot by PK Subban.
11:27 of 1st period - Stopped by John Gibson with a rebound.
11:43 of 1st period - Off-side.
11:44 of 1st period - Luke Adam wins face-off versus Logan Couture in neutral zone.
12:39 of 1st period - Slapshot by Drew Doughty.
12:39 of 1st period - Stopped by John Gibson with a rebound.
12:45 of 1st period - Slapshot by Jason Spezza.
12:45 of 1st period - Deflect By Nick Palmieri.
12:45 of 1st period - Stopped by John Gibson without a rebound.
12:46 of 1st period - T.J. Hensick wins face-off versus Logan Couture in Maple Leafs zone.
12:47 of 1st period - Slapshot by Oskar Osala.
12:47 of 1st period - Stopped by John Gibson without a rebound.
12:48 of 1st period - Logan Couture wins face-off versus Milan Michalek in Maple Leafs zone.
12:48 of 1st period - Logan Couture is hit by Oskar Osala.
13:04 of 1st period - Snap shot by Claude Giroux.
13:04 of 1st period - Stopped by Ryan Miller without a rebound.
13:05 of 1st period - Jason Spezza wins face-off versus Dany Heatley in Sharks zone.
13:05 of 1st period - Jason Spezza is hit by John Klingberg.
13:17 of 1st period - Snap shot by Drew Doughty.
13:17 of 1st period - Stopped by John Gibson with a rebound.
13:19 of 1st period - Slapshot by Jason Spezza.
13:19 of 1st period - Goal by Jason Spezza - Maple Leafs : 1 - Sharks : 1.
13:20 of 1st period - Logan Couture wins face-off versus Jason Spezza in neutral zone.
13:24 of 1st period - Icing by Drew Doughty.
13:25 of 1st period - Logan Couture wins face-off versus Jason Spezza in Sharks zone.
13:47 of 1st period - Icing by Logan Couture.
13:48 of 1st period - Logan Couture wins face-off versus T.J. Hensick in Maple Leafs zone.
13:48 of 1st period - Logan Couture is hit by Milan Michalek.
13:56 of 1st period - T.J. Hensick is hit by Jake Guentzel.
14:19 of 1st period - Off-side.
14:20 of 1st period - Mika Zibanejad wins face-off versus Jason Spezza in neutral zone.
14:34 of 1st period - Snap shot by Mika Zibanejad.
14:34 of 1st period - Shot Misses the Net.
14:48 of 1st period - T.J. Hensick is hit by Patrick Kane and loses puck.
15:32 of 1st period - Off-side.
15:33 of 1st period - Jason Spezza wins face-off versus Mika Zibanejad in neutral zone.
16:09 of 1st period - Wrist shot by Patrick Kane.
16:09 of 1st period - Shot Misses the Net.
16:45 of 1st period - Wrist shot by Jason Spezza.
16:45 of 1st period - Stopped by John Gibson without a rebound.
16:46 of 1st period - Logan Couture wins face-off versus T.J. Hensick in Maple Leafs zone.
16:59 of 1st period - Snap shot by Oskar Osala.
16:59 of 1st period - Stopped by John Gibson with a rebound.
17:13 of 1st period - Jason Spezza is hit by Bo Horvat and loses puck.
17:20 of 1st period - Slapshot by Drew Doughty.
17:20 of 1st period - Shot Misses the Net.
17:22 of 1st period - Snap shot by Nick Palmieri.
17:22 of 1st period - Goal by Nick Palmieri - Maple Leafs : 1 - Sharks : 2.
17:23 of 1st period - Logan Couture wins face-off versus T.J. Hensick in neutral zone.
17:30 of 1st period - Wrist shot by Claude Giroux.
17:30 of 1st period - Shot Blocked by Milan Michalek.
17:32 of 1st period - Snap shot by Patrick Kane.
17:32 of 1st period - Deflect By Claude Giroux.
17:32 of 1st period - Shot Blocked by Tyler Cuma.
17:32 of 1st period - Puck is out of play.
17:33 of 1st period - T.J. Hensick wins face-off versus Logan Couture in Sharks zone.
17:33 of 1st period - T.J. Hensick is hit by Claude Giroux.
17:41 of 1st period - Slapshot by Drew Doughty.
17:41 of 1st period - Deflect By Oskar Osala.
17:41 of 1st period - Stopped by John Gibson without a rebound.
17:42 of 1st period - Logan Couture wins face-off versus Jason Spezza in Maple Leafs zone.
18:21 of 1st period - Icing by PK Subban.
18:22 of 1st period - Mika Zibanejad wins face-off versus T.J. Hensick in Sharks zone.
19:37 of 1st period - Wrist shot by Jason Spezza.
19:37 of 1st period - Shot Misses the Net.
19:53 of 1st period - Andrej Sekera is hit by Kevin Shattenkirk and loses puck.
Goals for this period are 1 for Maple Leafs vs 2 for Sharks.
Shots for this period are 7 for Maple Leafs vs 21 for Sharks.
2nd period
0:01 of 2nd period - T.J. Hensick wins face-off versus Claude Giroux in neutral zone.
0:12 of 2nd period - Oskar Osala is hit by Patrick Kane and loses puck.
0:30 of 2nd period - Off-side.
0:31 of 2nd period - Jason Spezza wins face-off versus Brayden Schenn in neutral zone.
0:57 of 2nd period - Snap shot by Ben Smith.
0:57 of 2nd period - Stopped by Ryan Miller without a rebound.
0:58 of 2nd period - Patrick Kane wins face-off versus T.J. Hensick in Sharks zone.
1:25 of 2nd period - Off-side.
1:26 of 2nd period - Luke Adam wins face-off versus Mika Zibanejad in neutral zone.
1:32 of 2nd period - Minor Penalty to Andre Burakovsky for Slashing.
1:33 of 2nd period - Jason Spezza wins face-off versus Logan Couture in Maple Leafs zone.
1:45 of 2nd period - Slapshot by Drew Doughty.
1:45 of 2nd period - Stopped by John Gibson with a rebound.
1:47 of 2nd period - Slapshot by Nick Palmieri.
1:47 of 2nd period - Shot Misses the Net.
1:49 of 2nd period - Snap shot by Mike Cammalleri.
1:49 of 2nd period - Goal by Mike Cammalleri - Maple Leafs : 1 - Sharks : 3.
1:50 of 2nd period - Jason Spezza wins face-off versus Logan Couture in neutral zone.
2:11 of 2nd period - Minor Penalty to Patrick Kane for Holding.
2:12 of 2nd period - Logan Couture wins face-off versus Jason Spezza in Maple Leafs zone.
2:12 of 2nd period - Logan Couture is hit by Mike Cammalleri.
3:30 of 2nd period - Icing by Tyler Cuma.
3:31 of 2nd period - T.J. Hensick wins face-off versus Brayden Schenn in Sharks zone.
4:11 of 2nd period - Penalty to Patrick Kane is over, Patrick Kane is back on ice.
5:19 of 2nd period - Luke Adam is hit by Kevin Shattenkirk and loses puck.
5:32 of 2nd period - Wrist shot by Blake Comeau.
5:32 of 2nd period - Stopped by Ryan Miller without a rebound.
5:33 of 2nd period - Bo Horvat wins face-off versus Jason Spezza in Sharks zone.
5:34 of 2nd period - Snap shot by Blake Comeau.
5:34 of 2nd period - Shot Misses the Net.
5:36 of 2nd period - Snap shot by Blake Comeau.
5:36 of 2nd period - Stopped by Ryan Miller without a rebound.
5:37 of 2nd period - Jason Spezza wins face-off versus Bo Horvat in Sharks zone.
5:48 of 2nd period - Snap shot by Drew Doughty.
5:48 of 2nd period - Stopped by John Gibson with a rebound.
5:50 of 2nd period - Snap shot by Jason Spezza.
5:50 of 2nd period - Shot Misses the Net.
6:00 of 2nd period - Wrist shot by Jason Spezza.
6:00 of 2nd period - Stopped by John Gibson with a rebound.
6:02 of 2nd period - Slapshot by Jason Spezza.
6:02 of 2nd period - Shot Hit the Post.
6:04 of 2nd period - Snap shot by Jason Spezza.
6:04 of 2nd period - Goal by Jason Spezza - Maple Leafs : 1 - Sharks : 4.
6:05 of 2nd period - Logan Couture wins face-off versus Oskar Osala in neutral zone.
6:19 of 2nd period - Minor Penalty to Patrick Kane for Hooking.
6:20 of 2nd period - Logan Couture wins face-off versus Jason Spezza in Maple Leafs zone.
8:19 of 2nd period - Penalty to Patrick Kane is over, Patrick Kane is back on ice.
8:54 of 2nd period - Milan Michalek is hit by Patrick Kane and loses puck.
10:36 of 2nd period - Oskar Osala is hit by Dany Heatley.
11:57 of 2nd period - Blake Comeau is hit by PK Subban and loses puck.
13:15 of 2nd period - Wrist shot by Claude Giroux.
13:15 of 2nd period - Stopped by Ryan Miller without a rebound.
13:16 of 2nd period - Luke Adam wins face-off versus Logan Couture in Sharks zone.
13:16 of 2nd period - Luke Adam is hit by John Klingberg.
15:36 of 2nd period - Brayden McNabb is hit by Mika Zibanejad and loses puck.
15:51 of 2nd period - Mike Cammalleri is hit by Braydon Coburn and loses puck.
15:58 of 2nd period - Karl Alzner is hit by Claude Giroux and loses puck.
16:10 of 2nd period - Icing by Karl Alzner.
16:11 of 2nd period - Bo Horvat wins face-off versus Jason Spezza in Sharks zone.
16:28 of 2nd period - Nick Palmieri is hit by Jake Guentzel and loses puck.
18:15 of 2nd period - Wrist shot by Claude Giroux.
18:15 of 2nd period - Stopped by Ryan Miller with a rebound.
18:42 of 2nd period - Icing by Andrej Sekera.
18:43 of 2nd period - Patrick Kane wins face-off versus Jason Spezza in Sharks zone.
19:02 of 2nd period - Snap shot by Brayden Schenn.
19:02 of 2nd period - Goal by Brayden Schenn - Maple Leafs : 2 - Sharks : 4.
19:03 of 2nd period - Logan Couture wins face-off versus Jason Spezza in neutral zone.
19:10 of 2nd period - Wrist shot by Patrick Kane.
19:10 of 2nd period - Shot Hit the Post.
19:12 of 2nd period - Wrist shot by Logan Couture.
19:12 of 2nd period - Shot Misses the Net.
19:14 of 2nd period - Slapshot by Kevin Shattenkirk.
19:14 of 2nd period - Deflect By Patrick Kane.
19:14 of 2nd period - Shot Misses the Net.
19:14 of 2nd period - Puck is out of play.
19:15 of 2nd period - Jason Spezza wins face-off versus Logan Couture in Sharks zone.
19:17 of 2nd period - Minor Penalty to Jason Spezza for Charging.
19:18 of 2nd period - Zach Boychuk wins face-off versus Brayden Schenn in Sharks zone.
19:30 of 2nd period - Slapshot by Kevin Shattenkirk.
19:30 of 2nd period - Goal by Kevin Shattenkirk - Maple Leafs : 3 - Sharks : 4.
19:31 of 2nd period - Jason Spezza wins face-off versus Logan Couture in neutral zone.
Goals for this period are 2 for Maple Leafs vs 2 for Sharks.
Shots for this period are 7 for Maple Leafs vs 5 for Sharks.
3rd period
0:01 of 3rd period - T.J. Hensick wins face-off versus Logan Couture in neutral zone.
0:32 of 3rd period - Slapshot by Braydon Coburn.
0:32 of 3rd period - Stopped by Ryan Miller without a rebound.
0:33 of 3rd period - T.J. Hensick wins face-off versus Brayden Schenn in Sharks zone.
0:41 of 3rd period - Karl Alzner is hit by Braydon Coburn and loses puck.
0:44 of 3rd period - Minor Penalty to Braydon Coburn for Interference.
0:45 of 3rd period - Logan Couture wins face-off versus Jason Spezza in Maple Leafs zone.
1:00 of 3rd period - Wrist shot by Drew Doughty.
1:00 of 3rd period - Shot Misses the Net.
2:34 of 3rd period - Tyler Cuma is hit by Patrick Kane and loses puck.
2:44 of 3rd period - Penalty to Braydon Coburn is over, Braydon Coburn is back on ice.
3:17 of 3rd period - Oskar Osala is hit by Beau Bennett and loses puck.
4:08 of 3rd period - Icing by Jason Spezza.
4:09 of 3rd period - Bo Horvat wins face-off versus Jason Spezza in Sharks zone.
4:28 of 3rd period - Snap shot by Patrick Kane.
4:28 of 3rd period - Shot Misses the Net.
4:30 of 3rd period - Wrist shot by Patrick Kane.
4:30 of 3rd period - Shot Blocked by PK Subban.
5:55 of 3rd period - Minor Penalty to T.J. Hensick for Holding.
5:56 of 3rd period - Jason Spezza wins face-off versus Claude Giroux in Sharks zone.
6:27 of 3rd period - Slapshot by Kevin Shattenkirk.
6:27 of 3rd period - Stopped by Ryan Miller without a rebound.
6:28 of 3rd period - Jason Spezza wins face-off versus Brayden Schenn in Sharks zone.
6:39 of 3rd period - Slapshot by Hampus Lindholm.
6:39 of 3rd period - Deflect By Claude Giroux.
6:39 of 3rd period - Shot Misses the Net.
6:39 of 3rd period - Puck is out of play.
6:40 of 3rd period - Brayden Schenn wins face-off versus Jason Spezza in Sharks zone.
6:43 of 3rd period - Snap shot by Claude Giroux.
6:43 of 3rd period - Shot Misses the Net.
6:45 of 3rd period - Slapshot by Kevin Shattenkirk.
6:45 of 3rd period - Shot Misses the Net.
6:47 of 3rd period - Snap shot by Brayden Schenn.
6:47 of 3rd period - Shot Misses the Net.
6:53 of 3rd period - Slapshot by Patrick Kane.
6:53 of 3rd period - Stopped by Ryan Miller with a rebound.
7:34 of 3rd period - Icing by Claude Giroux.
7:35 of 3rd period - Jason Spezza wins face-off versus Brayden Schenn in Maple Leafs zone.
7:44 of 3rd period - Slapshot by Hampus Lindholm.
7:44 of 3rd period - Shot Blocked by Tyler Cuma.
7:46 of 3rd period - Snap shot by Jake Guentzel.
7:46 of 3rd period - Deflect By Logan Couture.
7:46 of 3rd period - Shot Misses the Net.
7:46 of 3rd period - Puck is out of play.
7:47 of 3rd period - Jason Spezza wins face-off versus Logan Couture in Sharks zone.
7:55 of 3rd period - Penalty to T.J. Hensick is over, T.J. Hensick is back on ice.
8:14 of 3rd period - Snap shot by Hampus Lindholm.
8:14 of 3rd period - Stopped by Ryan Miller without a rebound.
8:15 of 3rd period - Beau Bennett wins face-off versus Luke Adam in Sharks zone.
8:18 of 3rd period - Wrist shot by Beau Bennett.
8:18 of 3rd period - Deflect By Andre Burakovsky.
8:18 of 3rd period - Stopped by Ryan Miller without a rebound.
8:19 of 3rd period - Luke Adam wins face-off versus Beau Bennett in Sharks zone.
8:26 of 3rd period - Slapshot by Brayden McNabb.
8:26 of 3rd period - Shot Misses the Net.
8:34 of 3rd period - Slapshot by Zach Boychuk.
8:34 of 3rd period - Stopped by John Gibson without a rebound.
8:35 of 3rd period - Logan Couture wins face-off versus Jason Spezza in Maple Leafs zone.
8:35 of 3rd period - Logan Couture is hit by Nick Palmieri.
8:38 of 3rd period - Icing by Claude Giroux.
8:39 of 3rd period - Jason Spezza wins face-off versus Logan Couture in Maple Leafs zone.
8:48 of 3rd period - Patrick Kane is hit by Tyler Cuma and loses puck.
8:57 of 3rd period - Jason Spezza is hit by Patrick Kane and loses puck.
9:24 of 3rd period - Minor Penalty to Brayden Schenn for High sticking.
9:25 of 3rd period - Jason Spezza wins face-off versus Logan Couture in Maple Leafs zone.
11:24 of 3rd period - Penalty to Brayden Schenn is over, Brayden Schenn is back on ice.
11:57 of 3rd period - Snap shot by Bo Horvat.
11:57 of 3rd period - Stopped by Ryan Miller with a rebound.
12:21 of 3rd period - Brayden McNabb is hit by Ryan Parent.
12:36 of 3rd period - Off-side.
12:37 of 3rd period - Phil Di Giuseppe wins face-off versus Logan Couture in neutral zone.
12:53 of 3rd period - Snap shot by Patrick Kane.
12:53 of 3rd period - Deflect By Karl Alzner.
12:53 of 3rd period - Shot Blocked by Milan Michalek.
12:53 of 3rd period - Puck is out of play.
12:54 of 3rd period - Jason Spezza wins face-off versus Brayden Schenn in Sharks zone.
13:26 of 3rd period - Mika Zibanejad is hit by Jason Spezza.
13:48 of 3rd period - Snap shot by Dany Heatley.
13:48 of 3rd period - Goal by Dany Heatley - Maple Leafs : 4 - Sharks : 4.
13:49 of 3rd period - Logan Couture wins face-off versus Oskar Osala in neutral zone.
14:42 of 3rd period - Snap shot by Claude Giroux.
14:42 of 3rd period - Goal by Claude Giroux - Maple Leafs : 5 - Sharks : 4.
14:43 of 3rd period - Jason Spezza wins face-off versus Brayden Schenn in neutral zone.
15:00 of 3rd period - Kevin Shattenkirk is hit by Mike Cammalleri and loses puck.
15:13 of 3rd period - Slapshot by Drew Doughty.
15:13 of 3rd period - Deflect By Milan Michalek.
15:13 of 3rd period - Stopped by John Gibson without a rebound.
15:14 of 3rd period - Mika Zibanejad wins face-off versus T.J. Hensick in Maple Leafs zone.
15:27 of 3rd period - Slapshot by Tyler Cuma.
15:27 of 3rd period - Stopped by John Gibson without a rebound.
15:28 of 3rd period - Jason Spezza wins face-off versus Logan Couture in Maple Leafs zone.
16:17 of 3rd period - Kevin Shattenkirk is hit by PK Subban and loses puck.
16:26 of 3rd period - Slapshot by Kevin Shattenkirk.
16:26 of 3rd period - Shot Blocked by PK Subban.
16:28 of 3rd period - Slapshot by John Klingberg.
16:28 of 3rd period - Stopped by Ryan Miller with a rebound.
17:13 of 3rd period - Minor Penalty to Jason Spezza for Holding.
17:14 of 3rd period - Zach Boychuk wins face-off versus Brayden Schenn in Sharks zone.
17:14 of 3rd period - Zach Boychuk is hit by Brayden Schenn.
19:13 of 3rd period - Penalty to Jason Spezza is over, Jason Spezza is back on ice.
19:17 of 3rd period - Sharks, Ryan Miller is pulled from the net.
19:23 of 3rd period - Tyler Cuma is hit by Blake Comeau and loses puck.
19:50 of 3rd period - Snap shot by Jason Spezza.
19:50 of 3rd period - Shot Misses the Net.
19:52 of 3rd period - Snap shot by Milan Michalek.
19:52 of 3rd period - Shot Blocked by Ryan Parent.
19:54 of 3rd period - Snap shot by Zach Boychuk.
19:54 of 3rd period - Stopped by John Gibson with a rebound.
19:56 of 3rd period - Wrist shot by Jason Spezza.
19:56 of 3rd period - Shot Misses the Net.
Goals for this period are 2 for Maple Leafs vs 0 for Sharks.
Shots for this period are 9 for Maple Leafs vs 4 for Sharks.